| TOP OF THE 1ST |
|
Iowa Cubs batting - Pitching for Memphis Redbirds : RHP David Murphy
|
|
Pitching: RHP David Murphy
|
|
|
Batting: SHB Seung-ho Zhang
|
0-0: Ball 1-0: SINGLE (Groundball, 25, EV 63.1 MPH) (infield hit)
|
|
Batting: LHB Sumiki Okuhara
|
0-0: Called Strike 0-1: Swinging Strike 0-2: Hit by Pitch Seung-ho Zhang to second
|
|
Batting: RHB Adam O'Hare
|
0-0: Called Strike 0-1: SINGLE (Groundball, 5S, EV 70.6 MPH) (infield hit) Seung-ho Zhang to third Sumiki Okuhara to second
|
|
Batting: RHB Ricardo Aguinaga
|
0-0: Foul Ball, location: 2F 0-1: Ball 1-1: Swinging Strike 1-2: Ball 2-2: Foul Ball, location: 2F 2-2: Foul Ball, location: 2F 2-2: SINGLE (Line Drive, 78M, EV 105.6 MPH) Seung-ho Zhang scores Sumiki Okuhara to third Adam O'Hare to second
|
|
Batting: SHB Gabriel Cruz
|
0-0: Ball 1-0: Ball 2-0: Called Strike 2-1: Ball 3-1: SINGLE (Flyball, 8RS, EV 84.4 MPH) Sumiki Okuhara scores Adam O'Hare to third Ricardo Aguinaga to second
|
|
Batting: RHB Jon Aguilar
|
0-0: Ball 1-0: Ball 2-0: Foul Ball, location: 2F 2-1: Called Strike 2-2: Foul Ball, location: 2F 2-2: Foul Ball, location: 2F 2-2: SINGLE (Line Drive, 6MD, EV 98.8 MPH) Adam O'Hare scores Ricardo Aguinaga to third Gabriel Cruz to second
|
|
Batting: RHB Pat Barton
|
0-0: Ball 1-0: Grounds into double play, 4-6-3 (Groundball, 4, EV 83.1 MPH) Ricardo Aguinaga scores Gabriel Cruz to third
|
|
Batting: RHB Tony Mendez
|
0-0: Called Strike 0-1: Swinging Strike 0-2: Ball 1-2: Ball 2-2: Strikes out swinging
|
| Top of the 1st over - 4 runs, 5 hits, 0 errors, 1 left on base; Iowa 4 - Memphis 0 |
| BOTTOM OF THE 1ST |
|
Memphis Redbirds batting - Pitching for Iowa Cubs : RHP Willie Ramos
|
|
Pitching: RHP Willie Ramos
|
|
|
Batting: RHB Joe Smack
|
0-0: Ball 1-0: Called Strike 1-1: TRIPLE (Line Drive, 9LD, EV 107.5 MPH)
|
|
Batting: RHB Fabrice Bertin
|
0-0: Called Strike 0-1: Foul Ball, location: 2F 0-2: Ball 1-2: Foul Ball, location: 2F 1-2: Strikes out swinging
|
|
Batting: LHB Kyle Schaible
|
0-0: Ball 1-0: Ball 2-0: Ball 3-0: Base on Balls
|
|
Batting: LHB Colin Worthington
|
0-0: Ball 1-0: Ball 2-0: Ball 3-0: Called Strike 3-1: Foul Ball, location: 2F 3-2: Fly out, F8 (Flyball, 78M, EV 91.2 MPH) Runner from 3rd tags up, SCORES, throw by CF
|
|
Batting: RHB Danny Gallo
|
0-0: Foul Ball, location: 2F 0-1: Foul Ball, location: 2F 0-2: Ball 1-2: Foul Ball, location: 2F 1-2: Foul Ball, location: 2F 1-2: Ball 2-2: Foul Ball, location: 2F 2-2: Ball 3-2: SINGLE (Groundball, 4MD, EV 109.4 MPH) Kyle Schaible to second Kyle Schaible to third
|
|
Batting: RHB Billy Crookston
|
0-0: Called Strike 0-1: Ball 1-1: Swinging Strike 1-2: Ball 2-2: Fielders Choice at 2nd, 6-4 (Groundball, 56D, EV 99.4 MPH)
|
| Bottom of the 1st over - 1 run, 2 hits, 0 errors, 2 left on base; Iowa 4 - Memphis 1 |
| TOP OF THE 2ND |
|
Iowa Cubs batting - Pitching for Memphis Redbirds : RHP David Murphy
|
|
Batting: RHB Rich Thurman
|
0-0: Ball 1-0: Ball 2-0: Called Strike 2-1: Foul Ball, location: 2F 2-2: Strikes out swinging
|
|
Batting: SHB Seung-ho Zhang
|
0-0: Ground out U3 (Groundball, 3, EV 103.8 MPH)
|
|
Batting: LHB Sumiki Okuhara
|
0-0: Swinging Strike 0-1: Hit by Pitch
|
|
Batting: RHB Adam O'Hare
|
0-0: Called Strike 0-1: Swinging Strike 0-2: Ball 1-2: Strikes out looking
|
| Top of the 2nd over - 0 runs, 0 hits, 0 errors, 1 left on base; Iowa 4 - Memphis 1 |
| BOTTOM OF THE 2ND |
|
Memphis Redbirds batting - Pitching for Iowa Cubs : RHP Willie Ramos
|
|
Batting: RHB Joe Alley
|
0-0: Ball 1-0: Ball 2-0: Foul Ball, location: 2F 2-1: SINGLE (Line Drive, 8RS, EV 101.2 MPH)
|
|
Batting: RHB Josh Martin
|
0-0: Ball 1-0: Fly out, F8 (Flyball, 8RM, EV 85.6 MPH)
|
|
Batting: LHB John Bailey
|
0-0: Ball 1-0: Called Strike 1-1: Called Strike 1-2: Strikes out swinging
|
|
Batting: RHB Joe Smack
|
0-0: Ball 1-0: Ball 2-0: Ball 3-0: Called Strike 3-1: Foul Ball, location: 2F 3-2: 2-RUN HOME RUN (Line Drive, 78XD, EV 98.1 MPH), Distance : 399 ft
|
|
Batting: RHB Fabrice Bertin
|
0-0: SINGLE (Groundball, 6D, EV 96.9 MPH)
|
|
Batting: LHB Kyle Schaible
|
0-0: Called Strike 0-1: SINGLE (Line Drive, 78S, EV 98.1 MPH) Fabrice Bertin to second
|
|
Batting: LHB Colin Worthington
|
0-0: Ball 1-0: Ball 2-0: Ball 3-0: Base on Balls Fabrice Bertin to third Kyle Schaible to second
|
|
Batting: RHB Danny Gallo
|
0-0: SINGLE (Groundball, 56D, EV 100.6 MPH) Fabrice Bertin scores Kyle Schaible to third Colin Worthington to second
|
|
Batting: RHB Billy Crookston
|
0-0: Ball 1-0: Swinging Strike 1-1: Fly out, F8 (Line Drive, 78D, EV 104.4 MPH)
|
| Bottom of the 2nd over - 3 runs, 5 hits, 0 errors, 3 left on base; Iowa 4 - Memphis 4 |
| TOP OF THE 3RD |
|
Iowa Cubs batting - Pitching for Memphis Redbirds : RHP David Murphy
|
|
Batting: RHB Ricardo Aguinaga
|
0-0: Called Strike 0-1: Foul Ball, location: 2F 0-2: Ground out 5-3 (Groundball, 5L, EV 87.5 MPH)
|
|
Batting: SHB Gabriel Cruz
|
0-0: Fly out, F8 (Flyball, 8RS, EV 78.1 MPH)
|
|
Batting: RHB Jon Aguilar
|
0-0: Ball 1-0: SINGLE (Line Drive, 89S, EV 98.1 MPH)
|
|
Batting: RHB Pat Barton
|
0-0: Called Strike Jon Aguilar is caught stealing 2nd base 2-4
|
| Top of the 3rd over - 0 runs, 1 hit, 0 errors, 0 left on base; Iowa 4 - Memphis 4 |
| BOTTOM OF THE 3RD |
|
Memphis Redbirds batting - Pitching for Iowa Cubs : RHP Willie Ramos
|
|
Batting: RHB Joe Alley
|
0-0: Ball 1-0: Swinging Strike 1-1: Foul Ball, location: 2F 1-2: Strikes out swinging
|
|
Batting: RHB Josh Martin
|
0-0: Ball 1-0: Called Strike 1-1: Foul Ball, location: 2F 1-2: Strikes out swinging
|
|
Batting: LHB John Bailey
|
0-0: Called Strike 0-1: Hit by Pitch
|
|
Batting: RHB Joe Smack
|
0-0: Foul Ball, location: 2F 0-1: Swinging Strike 0-2: Strikes out swinging, 2-3 out at first.
|
| Bottom of the 3rd over - 0 runs, 0 hits, 0 errors, 1 left on base; Iowa 4 - Memphis 4 |
| TOP OF THE 4TH |
|
Iowa Cubs batting - Pitching for Memphis Redbirds : RHP David Murphy
|
|
Batting: RHB Pat Barton
|
0-0: DOUBLE (Line Drive, 9LS, EV 108.8 MPH)
|
|
Batting: RHB Tony Mendez
|
0-0: Ball 1-0: Swinging Strike 1-1: Ball 2-1: Ball 3-1: Base on Balls
|
|
Batting: RHB Rich Thurman
|
0-0: Called Strike 0-1: Ball 1-1: Foul Ball, location: 2F 1-2: Strikes out swinging
|
|
Batting: SHB Seung-ho Zhang
|
0-0: Ball 1-0: Called Strike 1-1: Swinging Strike 1-2: SINGLE (Line Drive, 6D, EV 108.8 MPH) Pat Barton to third Tony Mendez to second Runner from 3rd tries for Home, SAFE, throw by CF to home
|
|
Pitching: RHP Roberto Duron
|
|
|
Batting: LHB Sumiki Okuhara
|
0-0: Ball 1-0: Foul Ball, location: 2F 1-1: Ball 2-1: Called Strike 2-2: Foul Ball, location: 2F 2-2: Ball 3-2: Foul Ball, location: 2F 3-2: Fielders Choice at 2nd, 4-6 (Groundball, 34D, EV 81.9 MPH) Tony Mendez to third
|
|
Batting: RHB Adam O'Hare
|
0-0: Foul Ball, location: 2F 0-1: Foul Ball, location: 2F 0-2: Ball 1-2: Strikes out swinging
|
| Top of the 4th over - 1 run, 2 hits, 0 errors, 2 left on base; Iowa 5 - Memphis 4 |
| BOTTOM OF THE 4TH |
|
Memphis Redbirds batting - Pitching for Iowa Cubs : RHP Willie Ramos
|
|
Pitching: RHP Arnaldo Cardamenho
|
|
|
Batting: RHB Fabrice Bertin
|
0-0: Called Strike 0-1: Ball 1-1: Ball 2-1: Foul Ball, location: 2F 2-2: Ball 3-2: Foul Ball, location: 2F 3-2: Base on Balls
|
|
Batting: LHB Kyle Schaible
|
0-0: Ball 1-0: Ball 2-0: Foul Ball, location: 2F 2-1: Ball 3-1: Base on Balls Fabrice Bertin to second
|
|
Batting: LHB Colin Worthington
|
0-0: Called Strike 0-1: Ball 1-1: Called Strike 1-2: Ball 2-2: Strikes out swinging
|
|
Batting: RHB Danny Gallo
|
0-0: Swinging Strike 0-1: Ball 1-1: Ball 2-1: Foul Ball, location: 2F 2-2: Ball 3-2: SINGLE (Groundball, 34D, EV 95.0 MPH) Fabrice Bertin to third Kyle Schaible to second
|
|
Batting: RHB Billy Crookston
|
0-0: Ball 1-0: Called Strike 1-1: Grounds into double play, 6-4-3 (Groundball, 6, EV 91.2 MPH)
|
| Bottom of the 4th over - 0 runs, 1 hit, 0 errors, 2 left on base; Iowa 5 - Memphis 4 |
| TOP OF THE 5TH |
|
Iowa Cubs batting - Pitching for Memphis Redbirds : RHP Roberto Duron
|
|
Batting: RHB Ricardo Aguinaga
|
0-0: Foul Ball, location: 2F 0-1: Ball 1-1: Foul Ball, location: 2F 1-2: Ball 2-2: Foul Ball, location: 2F 2-2: Foul Ball, location: 2F 2-2: Ball 3-2: Strikes out swinging
|
|
Batting: SHB Gabriel Cruz
|
0-0: Called Strike 0-1: Foul Ball, location: 2F 0-2: Foul Ball, location: 2F 0-2: Ball 1-2: Fly out, F8 (Line Drive, 8LD, EV 86.2 MPH)
|
|
Batting: RHB Jon Aguilar
|
0-0: Ball 1-0: Called Strike 1-1: Ball 2-1: Called Strike 2-2: Strikes out swinging
|
| Top of the 5th over - 0 runs, 0 hits, 0 errors, 0 left on base; Iowa 5 - Memphis 4 |
| BOTTOM OF THE 5TH |
|
Memphis Redbirds batting - Pitching for Iowa Cubs : RHP Arnaldo Cardamenho
|
|
Batting: RHB Joe Alley
|
0-0: Ball 1-0: Foul Ball, location: 2F 1-1: Foul Ball, location: 2F 1-2: Ball 2-2: Strikes out swinging
|
|
Batting: RHB Josh Martin
|
0-0: Called Strike 0-1: Foul Ball, location: 2F 0-2: Ball 1-2: Foul Ball, location: 2F 1-2: Foul Ball, location: 2F 1-2: Ball 2-2: Ball 3-2: Base on Balls
|
|
Batting: LHB John Bailey
|
0-0: Called Strike 0-1: Foul Ball, location: 2F 0-2: Strikes out looking
|
|
Batting: RHB Joe Smack
|
0-0: Called Strike 0-1: Called Strike 0-2: Strikes out swinging
|
| Bottom of the 5th over - 0 runs, 0 hits, 0 errors, 1 left on base; Iowa 5 - Memphis 4 |
| TOP OF THE 6TH |
|
Iowa Cubs batting - Pitching for Memphis Redbirds : RHP Roberto Duron
|
|
Batting: RHB Pat Barton
|
0-0: Fly out, F9 (Line Drive, 89M, EV 91.2 MPH)
|
|
Batting: RHB Tony Mendez
|
0-0: Foul Ball, location: 2F 0-1: Ball 1-1: Foul Ball, location: 2F 1-2: Ball 2-2: Ball 3-2: Foul Ball, location: 2F 3-2: Fly out, F8 (Line Drive, 8RM, EV 93.8 MPH)
|
|
Batting: RHB Rich Thurman
|
0-0: SINGLE (Groundball, 6D, EV 96.9 MPH)
|
|
Batting: SHB Seung-ho Zhang
|
0-0: Ball 1-0: Ball 2-0: Ball 3-0: Called Strike 3-1: Fly out, F7 (Flyball, 7D, EV 100.6 MPH)
|
| Top of the 6th over - 0 runs, 1 hit, 0 errors, 1 left on base; Iowa 5 - Memphis 4 |
| BOTTOM OF THE 6TH |
|
Memphis Redbirds batting - Pitching for Iowa Cubs : RHP Arnaldo Cardamenho
|
|
Batting: RHB Fabrice Bertin
|
0-0: Called Strike 0-1: Called Strike 0-2: Ball 1-2: Foul Ball, location: 2F 1-2: Strikes out swinging, 2-3 out at first.
|
|
Batting: LHB Kyle Schaible
|
0-0: Called Strike 0-1: Ball 1-1: Ball 2-1: Called Strike 2-2: Ball 3-2: Base on Balls
|
|
Pitching: LHP Bill Esten
|
|
|
Batting: LHB Colin Worthington
|
0-0: Ball 1-0: Ball 2-0: Called Strike 2-1: Ball 3-1: SINGLE (Groundball, 34, EV 108.1 MPH) (infield hit) Kyle Schaible to second
|
|
Batting: RHB Danny Gallo
|
0-0: Called Strike 0-1: Called Strike 0-2: Ball 1-2: Ball 2-2: Foul Ball, location: 2F 2-2: Grounds into double play, 5-4-3 (Groundball, 56S, EV 82.5 MPH)
|
| Bottom of the 6th over - 0 runs, 1 hit, 0 errors, 1 left on base; Iowa 5 - Memphis 4 |
| TOP OF THE 7TH |
|
Iowa Cubs batting - Pitching for Memphis Redbirds : RHP Roberto Duron
|
|
Pitching: RHP Doug Nickey
|
|
|
Batting: LHB Sumiki Okuhara
|
0-0: Swinging Strike 0-1: Foul Ball, location: 2F 0-2: SINGLE (Groundball, 56D, EV 95.6 MPH)
|
|
Batting: RHB Adam O'Hare
|
0-0: Ball 1-0: Ball 2-0: Ball 3-0: Base on Balls Sumiki Okuhara to second
|
|
Batting: RHB Ricardo Aguinaga
|
0-0: Swinging Strike 0-1: Fly out, F9 (Flyball, 9, EV 73.1 MPH)
|
|
Batting: SHB Gabriel Cruz
|
0-0: Ball 1-0: Called Strike 1-1: Ball 2-1: Fly out, F9 (Line Drive, 89M, EV 103.8 MPH)
|
|
Batting: RHB Jon Aguilar
|
0-0: Ball 1-0: Ball 2-0: Foul Ball, location: 2F 2-1: Ball 3-1: Called Strike 3-2: Strikes out swinging
|
| Top of the 7th over - 0 runs, 1 hit, 0 errors, 2 left on base; Iowa 5 - Memphis 4 |
| BOTTOM OF THE 7TH |
|
Memphis Redbirds batting - Pitching for Iowa Cubs : LHP Bill Esten
|
|
Pitching: LHP Matt Tomlinson
|
|
|
Batting: RHB Billy Crookston
|
0-0: Called Strike 0-1: Ball 1-1: Ball 2-1: Swinging Strike 2-2: Foul Ball, location: 2F 2-2: Strikes out swinging
|
|
Batting: RHB Joe Alley
|
0-0: Ball 1-0: Called Strike 1-1: Called Strike 1-2: Strikes out looking
|
|
Batting: RHB Josh Martin
|
0-0: Fly out, F9 (Line Drive, 9, EV 106.9 MPH)
|
| Bottom of the 7th over - 0 runs, 0 hits, 0 errors, 0 left on base; Iowa 5 - Memphis 4 |
| TOP OF THE 8TH |
|
Iowa Cubs batting - Pitching for Memphis Redbirds : RHP Doug Nickey
|
|
Batting: RHB Pat Barton
|
0-0: Called Strike 0-1: Swinging Strike 0-2: Foul Ball, location: 2F 0-2: Foul Ball, location: 2F 0-2: SINGLE (Groundball, P, EV 89.4 MPH) (infield hit)
|
|
Batting: RHB Tony Mendez
|
0-0: Bunted foul 0-1: Bunted foul 0-2: Ball 1-2: SINGLE (Flyball, 8LS, EV 87.5 MPH) Pat Barton to second
|
|
Batting: RHB Rich Thurman
|
0-0: Bunted foul 0-1: Ball 1-1: Bunted foul 1-2: Foul Ball, location: 2F 1-2: Ball 2-2: Strikes out swinging
|
|
Batting: SHB Seung-ho Zhang
|
0-0: Foul Ball, location: 2F 0-1: Swinging Strike 0-2: Ball 1-2: Foul Ball, location: 2F 1-2: Ball 2-2: Fly out, F8 (Line Drive, 8RM, EV 86.9 MPH)
|
|
Batting: LHB Sumiki Okuhara
|
0-0: Foul Ball, location: 2F 0-1: Fielders Choice at 2nd, 6-4 (Groundball, 6, EV 82.5 MPH)
|
| Top of the 8th over - 0 runs, 2 hits, 0 errors, 2 left on base; Iowa 5 - Memphis 4 |
| BOTTOM OF THE 8TH |
|
Memphis Redbirds batting - Pitching for Iowa Cubs : LHP Matt Tomlinson
|
|
Pinch Hitting: RHB Jose Rivera
|
0-0: Ball 1-0: SINGLE (Groundball, 56D, EV 101.2 MPH) (infield hit)
|
|
Pitching: RHP Miles Edwards
|
|
|
Batting: RHB Joe Smack
|
0-0: Bunted foul 0-1: Bunted foul 0-2: Strikes out looking
|
|
Pinch Hitting: LHB Ronnie Ashley
|
0-0: Called Strike 0-1: Foul Ball, location: 2F 0-2: Ball 1-2: Ball 2-2: Strikes out swinging
|
|
Batting: LHB Kyle Schaible
|
0-0: Ball 1-0: Foul Ball, location: 2F 1-1: Ball 2-1: Foul Ball, location: 2F 2-2: Ground out 4-3 (Groundball, 4, EV 109.4 MPH)
|
| Bottom of the 8th over - 0 runs, 1 hit, 0 errors, 1 left on base; Iowa 5 - Memphis 4 |
| TOP OF THE 9TH |
|
Iowa Cubs batting - Pitching for Memphis Redbirds : RHP Doug Nickey
|
|
Pitching: RHP Mike Tallerico
|
|
|
Now at 3B: Dave Cluster
|
|
|
Now in LF: Joe Smack
|
|
|
Now in CF: Adam Eisen
|
|
|
Batting: RHB Adam O'Hare
|
0-0: Ball 1-0: Ground out 6-3 (Groundball, 6, EV 93.8 MPH)
|
|
Batting: RHB Ricardo Aguinaga
|
0-0: Called Strike 0-1: Ball 1-1: Ball 2-1: Ball 3-1: Called Strike 3-2: Strikes out swinging
|
|
Batting: SHB Gabriel Cruz
|
0-0: Called Strike 0-1: Ball 1-1: Ball 2-1: Called Strike 2-2: Fly out, F8 (Flyball, 8RD, EV 101.2 MPH)
|
| Top of the 9th over - 0 runs, 0 hits, 0 errors, 0 left on base; Iowa 5 - Memphis 4 |
| BOTTOM OF THE 9TH |
|
Memphis Redbirds batting - Pitching for Iowa Cubs : RHP Miles Edwards
|
|
Pitching: RHP Josh Ready
|
|
|
Batting: LHB Colin Worthington
|
0-0: Ball 1-0: Ground out 1-3 (Groundball, 34S, EV 65.0 MPH)
|
|
Batting: RHB Danny Gallo
|
0-0: Called Strike 0-1: Ball 1-1: Foul Ball, location: 2F 1-2: Ball 2-2: Ball 3-2: Foul Ball, location: 2F 3-2: Strikes out looking
|
|
Batting: RHB Billy Crookston
|
0-0: Called Strike 0-1: Ball 1-1: Foul Ball, location: 2F 1-2: Foul Ball, location: 2F 1-2: Foul Ball, location: 2F 1-2: Foul Ball, location: 2F 1-2: Ball 2-2: Strikes out looking
|
| Bottom of the 9th over - 0 runs, 0 hits, 0 errors, 0 left on base; Iowa 5 - Memphis 4 |
|